 Dungeon Crawl Stone Soup version 0.28.0-43-g3370ac3207 (webtiles) character file.

Game seed: 5835782444486523783

1932 iamoutofideas the Thaumaturge (level 9, 58/58 HPs)
             Began as a Djinni Fire Elementalist on Mar 20, 2022.
             Was a Follower of Makhleb.
             Quit the game on level 5 of the Dungeon.
             The game lasted 00:07:24 (10041 turns).

iamoutofideas the Thaumaturge (DjFE)               Turns: 10041, Time: 00:07:25

Health: 58/58      AC:  3    Str:  7    XL:     9   Next: 40%
Gold:   379        EV: 13    Int: 22    God:    Makhleb [*.....] SH:  0 Dex: 13

rFire   + + .      SeeInvis .   (no weapon)
rCold   x . .      Faith    .   (no shield)
rNeg    . . .      Spirit   .   a - +1 robe
rPois   ∞          Reflect  .   (no helmet)
rElec   .          Harm     .   (no cloak)
rCorr   .          Rampage  .   (no gloves)
Will    .....                   (boots unavailable)
Stlth   ++........              (no amulet)
HPRegen 0.19/turn               (no ring)
MPRegen 0.00/turn               (no ring)

@: flying
A: sickness immunity, fire resistance 2, cold vulnerability 1, float, innate
caster, HP casting, extra vitality 1
a: Renounce Religion


You were on level 5 of the Dungeon.
You worshipped Makhleb.
Makhleb was aware of your devotion.
You visited 2 branches of the dungeon, and saw 7 of its levels.

You collected 379 gold pieces.

Inventory:

Hand Weapons
 c - a +1 antimagic short sword
Missiles
 d - a boomerang
 n - a throwing net
Armour
 a - a +1 robe (worn)
Magical Staves
 l - a staff of cold
Scrolls
 f - a scroll of immolation {unknown}
 g - 3 scrolls of identify
 h - a scroll of teleportation
 m - a scroll of enchant weapon {unknown}
Potions
 b - a potion of attraction {unknown}
 e - 2 potions of mutation {unknown}
 i - a potion of flight {unknown}
 j - a potion of heal wounds {unknown}
 k - a potion of might {unknown}


   Skills:
 + Level 2.1 Fighting
 + Level 4.5 Dodging
 + Level 3.6 Stealth
 + Level 8.2 Spellcasting


You had 2 spell levels left.
You knew the following spells:

 Your Spells              Type           Power      Damage    Failure   Level
a - Foxfire               Conj/Fire      100%       2x1d9     1%          1
b - Scorch                Fire           90%        2d10      1%          2
c - Conjure Flame         Conj/Fire      45%        6-21      1%          3
d - Inner Flame           Hex/Fire       45%        N/A       1%          3
e - Flame Wave            Conj/Fire      45%        2d10      2%          4
f - Sandblast             Erth           90%        2d19      1%          1
g - Call Imp              Summ           45%        N/A       1%          2
h - Confusing Touch       Hex            45%        N/A       1%          3
i - Call Canine Familiar  Summ           45%        N/A       1%          3
Your spell library was empty.

Dungeon Overview and Level Annotations

Branches:
Dungeon (6/15)             Temple (1/1) D:4

Altars:
Ashenzari
Cheibriados
Elyvilon
Gozag
Hepliaklqana
Makhleb
Okawaru
Sif Muna
Trog
Uskayaw
Vehumet
Yredelemnul
Zin


Innate Abilities, Weirdness & Mutations

You are immune to sickness and miasma.
You are immune to poison.
Your flesh is very heat resistant. (rF++)
You are vulnerable to cold. (rC-)
You float through the air rather than walking.
You learn spells naturally, not from books.
Your magical power is your life essence.
You have superior vitality. (+4 MHP)


Message History

Unknown command.
Casting: Foxfire (safe; 1% risk of failure)
Confirm with . or Enter, or press ? or * to list all spells.
You conjure some foxfire!
Unknown command.
You start resting.
Your foxfire dissipates! x2
You start resting.
Your foxfire dissipates!
The shadow imp shouts, "Scamper hence, thou vain folly-fallen deadneck!"
You start resting.
The shadow imp shouts, "Leave, thou unmuzzled fen-sucked bloater!"
You start resting.
The shadow imp picks up a beetle and eats it.
The shadow imp shouts, "Turn tail, thou craven folly-fallen gnoll-tail!"
HP restored.
You start waiting.
The shadow imp summons a swarm of flies.
The shadow imp lashes its tail.
Done waiting.
(D) Dungeon (T) Temple
Where to? (Enter - D:6, ? - help)
Okay, then.
Found a coppery potion.
There is a stone staircase leading up here.
You fly upwards.
There is a stone staircase leading down here.
Search for what [? for help]? ydreem Can't find anything matching that.
Search for what [Enter for "ydreem", or ? for help]? yd] Can't find anything matching that.
Unknown command.
Search for what [Enter for "yd]", or ? for help]? y Search for what [Enter for "y", or ? for help]? basalt You see here 22 arrows.
There is an open door here.
There is an open door here.
There is a basalt altar of Yredelemnul here.
You hover solemnly before the altar of Yredelemnul.
Are you sure you want to abandon this character and quit the game? (Confirm with "yes".)

#########'## #>........
#..........########....
#.######....# ##...
#.#########.# #...
##.........## #...
#.≈≈≈≈≈≈≈.# #..<
#≈..≈≈≈..≈# #...
#≈.≈...≈.§# #######...
#≈.≈.@.§.§###....##...
#≈.≈§§§§§≈#.......####
#≈..§§§..≈###.......#
###.≈≈§≈≈≈§§#...#.#.#.#
#.#.....§...#...#.#.#.##
#..#########.####.#.#.##
#.## #...:....#.#.## #.#
##########.#.## #.#
#.#.##


There were no monsters in sight!

Vanquished Creatures
  Menkaure (D:4)
  A hornet zombie (D:3)
  2 sky beasts (D:5)
  3 black bears
  A necrophage (D:4)
  A phantom (D:5)
  2 scorpions
  A wyvern zombie (D:4)
  A water moccasin skeleton (D:5)
  A howler monkey (D:5)
  2 centaur zombies (D:6)
  5 hounds
  A jelly (D:5)
  2 orc priests
  A bullfrog zombie (D:6)
  2 bullfrog skeletons (D:5)
  A gnoll shaman (D:6)
  5 iguanas
  A hound skeleton (D:5)
  6 gnolls
  13 adders
  A shadow imp (D:6)
  An adder skeleton (D:4)
  2 worms
  A dart slug (D:2)
  19 orcs
  5 bats
  5 endoplasms
  8 goblins
  4 hobgoblins
  9 jackals
  2 quokkas
  9 ball pythons
  4 frilled lizards
  3 kobolds
  3 rats
129 creatures vanquished.

Vanquished Creatures (collateral kills)
  9 foxfires (D:1)
9 creatures vanquished.

Vanquished Creatures (others)
  789 foxfires
  A fungus (D:2)
  11 plants
  3 toadstools (D:1)
804 creatures vanquished.

Grand Total: 942 creatures vanquished

Notes
Turn   | Place    | Note
-------+----------+-------------------------------------------
     0 | D:1      | iamoutofideas the Djinni Fire Elementalist began the quest
                  | for the Orb.
     0 | D:1      | Reached XP level 1. HP: 15/15 MP: 0/0
   687 | D:1      | Reached XP level 2. HP: 18/21 MP: 0/0
  1661 | D:2      | Reached skill level 3 in Spellcasting
  1663 | D:2      | Reached XP level 3. HP: 21/25 MP: 0/0
  1663 | D:2      | Learned a level 1 spell: Sandblast
  1725 | D:2      | Reached XP level 4. HP: 10/31 MP: 0/0
  3083 | D:2      | Found a faded altar of an unknown god.
  3317 | D:3      | Reached XP level 5. HP: 25/35 MP: 0/0
  3317 | D:3      | Learned a level 2 spell: Call Imp
  3533 | D:3      | Found a hide-covered altar of Uskayaw.
  3540 | D:3      | Reached skill level 4 in Spellcasting
  4090 | D:3      | Reached XP level 6. HP: 30/41 MP: 0/0
  4252 | D:3      | HP: 1/41 [worm (11)]
  4835 | D:4      | Found a staircase to the Ecumenical Temple.
  4846 | D:4      | Noticed Menkaure
  4859 | D:3      | HP: 2/41 [jackal (1)]
  5220 | D:4      | Killed Menkaure
  5221 | D:4      | Reached skill level 1 in Fighting
  5221 | D:4      | Reached skill level 5 in Spellcasting
  5221 | D:4      | Reached XP level 7. HP: 30/47 MP: 0/0
  5221 | D:4      | Learned a level 3 spell: Confusing Touch
  5231 | Temple   | Entered the Ecumenical Temple
  5377 | Temple   | Became a worshipper of Makhleb the Destroyer
  6224 | D:4      | Found a white marble altar of Elyvilon.
  6713 | D:5      | Entered Level 5 of the Dungeon
  6722 | D:5      | Reached skill level 6 in Spellcasting
  6722 | D:5      | Reached XP level 8. HP: 40/52 MP: 0/0
  7219 | D:5      | Found a basalt altar of Yredelemnul.
  7700 | D:5      | Found a broken altar of Ashenzari.
  7763 | D:5      | Reached * piety under Makhleb
  7764 | D:5      | Reached skill level 7 in Spellcasting
  8663 | D:5      | Reached XP level 9. HP: 10/58 MP: 0/0
  8663 | D:5      | Learned a level 3 spell: Call Canine Familiar
  9199 | D:6      | Found a hazy altar of Hepliaklqana.
  9612 | D:6      | Reached skill level 8 in Spellcasting
  9668 | D:6      | Noticed a kobold demonologist
 10041 | D:5      | Quit the game

Illustrated notes

Levels and vault maps discovered:
D:1:      dpeg_arrival_lava_temple_mockup, layout_basic, serial_bayou,
          serial_bayou_pond_a, serial_bayou_pond_c, serial_bayou_crossing,
          serial_bayou_shore_a, serial_bayou_shore_b, serial_bayou_pond_e,
          minmay_gold_behind_fungi, serial_bayou_ford_a
D:2:      layout_basic, shapermc_ecumenical_altar_acropolis,
          kennysheep_nondescript
D:3:      layout_rooms, overflow_temple_1_default, st_stairs_5,
          grunt_decor_fettered, corexii_item_surrounded_by_moat,
          grunt_ministairs_6, minmay_misc_feat_room, kennysheep_generic_room_13
D:4:      layout_gridville, nicolae_overflow_hidden_temple,
          minmay_temple_entry_glass, chequers_ossuary_entry_cave,
          grunt_decor_mini_mirrors, serial_bayou_pond_a, uniq_menkaure
D:5:      minmay_diamond_boxcup, layout_basic, mainiacjoe_overflow_paths,
          marbit_many_paths
D:6:      gammafunk_wand_slinger, layout_rooms, nicolae_overflow_crystal_walls,
          mainiacjoe_overflow_concentric_impassable, uniq_blork_the_orc
Temple:   compressed_dpeg_circular_temple

Skill      XL: |  1  2  3  4  5  6  7  8  9 |
---------------+----------------------------+-----
Spellcasting   | 3 4 5 6 7 8 |  8.2
Stealth        | 2 3 |  3.6
Dodging        | 3 4 |  4.5
Fighting       | 1 2 |  2.1

Action                   |  1- 3 |  4- 6 |  7- 9 || total
-------------------------+-------+-------+-------++-------
Melee: Unarmed           |       |     1 |       ||     1
 Cast: Foxfire           |    59 |   146 |   283 ||   488
       Scorch            |       |     5 |     5 ||    10
  Use: Scroll            |       |     3 |     2 ||     5
Armor: Robe              |     2 |     5 |    22 ||    29
Dodge: Dodged            |     7 |    38 |    85 ||   130
